 Dungeon Crawl Stone Soup version 0.30-a0-879-ga8ba668304 (webtiles) character file.

Game seed: 3381248526193063847

41 cforsyth the Covered (level 3, -3/30 HPs)
             Began as a Barachi Fighter on Mar 13, 2023.
             Slain by Sigmund
             ... wielding a +0 scythe
              (6 damage)
             ... on level 2 of the Dungeon.
             The game lasted 00:00:55 (920 turns).

cforsyth the Covered (Barachi Fighter)               Turns: 920, Time: 00:00:55

Health: -3/30      AC:  7    Str: 19    XL:     3   Next: 52%
Magic:  3/3        EV:  9    Int:  8    God:
Gold:   59         SH:  4    Dex: 11    Spells: 2/2 levels left

rFire   . . .      SeeInvis .    a - +0 war axe
rCold   . . .      Faith    .    c - +0 buckler
rNeg    . . .      Spirit   .    b - +0 scale mail
rPois   .          Reflect  .    (no helmet)
rElec   .          Rampage  .    (no cloak)
rCorr   .                        (no gloves)
Will    .....                    (no boots) Stlth
                                 (no amulet)
HPRegen 0.25/turn                (no ring)
MPRegen 0.08/turn                (no ring)

@: slow
A: amphibious, slowness 1, strong legs 1, +LOS
a: Hop


You were on level 2 of the Dungeon.
You visited 1 branch of the dungeon, and saw 2 of its levels.

You collected 59 gold pieces.

Inventory:

Hand Weapons
 a - a +0 war axe (weapon)
Armour
 b - a +0 scale mail (worn)
 c - a +0 buckler (worn)
Jewellery
 o - a ring of resist corrosion
Scrolls
 e - a scroll of identify {unknown}
 f - 2 scrolls of teleportation {unknown}
 g - a scroll of acquirement {unknown}
 h - 2 scrolls of noise {unknown}
 i - 2 scrolls of magic mapping {unknown}
 j - a scroll of silence {unknown}
 k - 2 scrolls of torment {unknown}
 l - a scroll of amnesia {unknown}
 q - a scroll of vulnerability {unknown}
Potions
 d - a potion of might
 m - 2 potions of degeneration {unknown}
 n - a potion of heal wounds {unknown}
 p - 2 potions of attraction {unknown}


   Skills:
 + Level 4.2 Fighting
 + Level 3.0 Axes
 + Level 4.3 Armour
 - Level 3.3 Shields


You had 2 spell levels left.
You didn't know any spells.
Your spell library contained the following spells:

 Spells                   Type           Power      Damage    Failure   Level
 Ensorcelled Hibernation  Hex/Ice        0%         N/A       94%         2
 Passwall                 Tmut/Erth      0%         N/A       94%         2
 Inner Flame              Hex/Fire       0%         N/A       99%         3
 Swiftness                Air            0%         N/A       99%         3
 Flame Wave               Conj/Fire      0%         2d4       100%        4
 Sticky Flame             Conj/Fire      0%         2d3       100%        4


Dungeon Overview and Level Annotations

Branches:
Dungeon (2/15)

Altars:

Annotations:
D:2 Sigmund


Innate Abilities, Weirdness & Mutations

You are amphibious.
You cover ground slowly.
You can hop short distances.
You have an extended range of vision and can be seen from far away.


Message History

The goblin hits you with a +0 club.
You closely miss the goblin.
A quokka comes into view.
Sigmund the Dreaded comes into view.
He is wielding a +0 scythe and carrying a wand of roots (14).
You block the goblin's attack.
The quokka moves out of view.
You completely miss the goblin.
Sigmund shouts!
Sigmund gestures wildly while chanting.
Sigmund flickers and vanishes!
Deactivating autopickup; reactivate with Ctrl-A.
The goblin hits you with a +0 club. The goblin closely misses you.
You closely miss the goblin. You block the goblin's attack.
You slash the goblin!
You kill the goblin!
Something hits you but does no damage.
You closely miss the quokka. You closely miss something. The quokka bites you.
You hear some strange, mumbled words.
A magic dart appears from out of thin air!
The magic dart hits you. The quokka barely misses you. Something hits you!
* * * LOW HITPOINT WARNING * * *
You are too injured to fight recklessly!
You are too injured to fight recklessly!
You are too injured to fight recklessly!
You are too injured to fight recklessly!
You are too injured to fight recklessly!
You are too injured to fight recklessly!
You are too injured to fight recklessly!
You are too injured to fight recklessly!
You are too injured to fight recklessly!
You are too injured to fight recklessly!
You miss the quokka. You hit something.
The quokka bites you but does no damage.
You closely miss something. You miss the quokka. The quokka bites you.
* * * LOW HITPOINT WARNING * * *
Something hits you.
* * * LOW HITPOINT WARNING * * *
The quokka bites you but does no damage.
You hit something but do no damage. You barely miss the quokka.
Something hits you.
You die...

#######..........
######.........
...........>.... #
#######......... ..#
#......... .. ##+#+##...
#.### #.# +...
#.##....#########.####...
#......r@................
#######{..#######.#######
###)...# #†# # ####.##
#.# #...#####..###.#
#..........†..#
#..######............
...........####.
#######.....#


You could see a quokka.

Vanquished Creatures
  2 adders (D:2)
  2 goblins
  3 hobgoblins
  4 ball pythons (D:1)
  8 bats
  5 kobolds (D:1)
  A rat (D:1)
25 creatures vanquished.

Notes
Turn   | Place    | Note
-------+----------+-------------------------------------------
     0 | D:1      | cforsyth the Barachi Fighter began the quest for the Orb.
     0 | D:1      | Reached XP level 1. HP: 18/18 MP: 1/1
   221 | D:1      | Reached XP level 2. HP: 25/25 MP: 2/2
   802 | D:2      | Reached XP level 3. HP: 28/30 MP: 3/3
   911 | D:2      | Noticed Sigmund
   920 | D:2      | Slain by Sigmund

Illustrated notes

Levels and vault maps discovered:
D:1:      tarquinn_simple_flora_water_e, layout_basic, minivault_27,
          roderic_serpentine_path
D:2:      layout_basic, dilly_ecumenical_altar_fadedgnrine, uniq_sigmund,
          uniq_robin

Skill      XL: |  1  2  3 |
---------------+----------+-----
Fighting       | 4 |  4.2
Armour         | 4 |  4.3
Axes           | 3 |  3.0
Shields        | |  3.3

Action                     || total
---------------------------++-------
  Melee: War axe           ||    69
 Armour: Scale mail        ||    57
  Dodge: Dodged            ||    53
  Block: Buckler           ||    19

Table legend: (Time is in decaauts)
 A = Elapsed time spent in this place.
 B = Non-inter-level travel time spent in this place.
 C = Inter-level travel time spent in this place.
 D = Time resting spent in this place.
 E = Time spent auto-exploring this place.
 F = Levels seen in this place.
 G = Mean time per level.
                   A        B        C        D        E       F      G
               +--------+--------+--------+--------+--------+-----+--------+
         Total |   1105 |   1088 |     17 |      0 |    901 |   2 |  552.5 |
       Dungeon |   1105 |   1088 |     17 |      0 |    901 |   2 |  552.5 |
               +--------+--------+--------+--------+--------+-----+--------+

Top non-repeatable levels by time:
     D:1: 935 daAuts
     D:2: 169 daAuts
